 Dungeon Crawl Stone Soup version 0.30-a0-629-gd54f4be4f7 (webtiles) character file.

Game seed: 3001022196202949017

6455 larrydude the Martial Artist (level 10, -6/72 HPs)
             Began as an Octopode Monk on Jan 12, 2023.
             Was a High Priest of Okawaru.
             Mangled by a wyvern (11 damage)
             ... on level 9 of the Dungeon.
             The game lasted 00:25:57 (7314 turns).

larrydude the Martial Artist (Octopode Monk)        Turns: 7314, Time: 00:25:58

Health: -6/72      AC:  1    Str: 10    XL:     10   Next: 99%
Magic:  17/17      EV: 15    Int: 17    God:    Okawaru [*****.]
Gold:   880        SH:  0    Dex: 15    Spells: 13/18 levels left

rFire   . . .      SeeInvis .      - Unarmed
rCold   + . .      Faith    .    (no shield)
rNeg    . . .      Spirit   .    (helmet restricted)
rPois   .          Reflect  .    e - amulet of regeneration
rElec   .          Harm     .    i - ring of protection from cold
rCorr   .          Rampage  .    (no ring)
Will    .....                    (no ring)
Stlth   ++++                     (no ring)
HPRegen 1.12/turn                (no ring)
MPRegen 0.15/turn                (no ring)
                                 (no ring)
                                 (no ring)

@: no status effects
A: almost no armour, amphibious, 8 rings, camouflage 1, gelatinous body 1,
(nimble swimmer 1), tentacles
a: Renounce Religion, Heroism, Finesse, Duel


You were on level 9 of the Dungeon.
You worshipped Okawaru.
Okawaru was extremely pleased with you.
You visited 2 branches of the dungeon, and saw 10 of its levels.

You collected 880 gold pieces.

Inventory:

Missiles
 d - 15 poisoned darts (quivered)
 g - 70 stones
 h - 5 datura-tipped darts
 l - a throwing net
 n - 6 javelins
Armour
 z - a +0 kite shield
Magical Staves
 p - a staff of fire
Jewellery
 e - an amulet of regeneration (around mantle)
 i - a ring of protection from cold (left tentacle)
 q - an amulet of reflection
Wands
 x - a wand of flame (19)
Scrolls
 o - 2 scrolls of magic mapping
 s - 4 scrolls of poison
 t - a scroll of enchant armour
 v - 4 scrolls of identify
 w - 3 scrolls of blinking
 y - a scroll of enchant weapon
 B - a scroll of silence
 E - a scroll of amnesia
Potions
 a - 4 potions of ambrosia
 b - a potion of heal wounds
 c - 5 potions of curing
 f - 2 potions of might
 j - 2 potions of brilliance
 k - 2 potions of attraction
 m - a potion of resistance
 r - a potion of flight
 u - 3 potions of lignification
 A - a potion of magic
 C - a potion of cancellation
 D - a potion of haste


   Skills:
 - Level 8.0 Fighting
 - Level 6.0 Dodging
 - Level 5.0 Stealth
 - Level 10.0 Unarmed Combat
 * Level 4.6 Spellcasting
 * Level 5.1 Transmutations
 - Level 6.0 Invocations


You had 13 spell levels left.
You knew the following spells:

 Your Spells              Type           Power      Damage    Failure   Level
a - Blade Hands           Tmut           10%        N/A       43%         5

Your spell library contained the following spells:

 Spells                   Type           Power      Damage    Failure   Level
 Wereblood                Tmut           21%        N/A       2%          2
 Passwall                 Tmut/Erth      10%        N/A       8%          2
 Ensorcelled Hibernation  Hex/Ice        6%         N/A       22%         2
 Sublimation of Blood     Necr           3%         N/A       22%         2
 Portal Projectile        Hex/Tloc       6%         N/A       41%         3
 Swiftness                Air            3%         N/A       41%         3
 Eringya's Noxious Bog    Tmut/Pois      6%         N/A       100%        6
 Tukima's Dance           Hex            Unusable   N/A       N/A         3
 Summon Forest            Summ/Tloc      Unusable   N/A       N/A         5
 Summon Hydra             Summ           Unusable   N/A       N/A         7

Dungeon Overview and Level Annotations

Branches:
Dungeon (9/15)             Temple (1/1) D:4             Orc (0/2) D:9
   Lair: D:8-11

Altars:
Ashenzari
Cheibriados
Dithmenos
Elyvilon
Fedhas
Hepliaklqana
Kikubaaqudgha
Makhleb
Okawaru
Qazlal
Ru
Sif Muna
Trog
Uskayaw
Wu Jian
Xom
Yredelemnul
Zin
The Shining One


Innate Abilities, Weirdness & Mutations

You cannot wear most types of armour.
You are amphibious.
You can wear up to eight rings at the same time.
Your skin changes colour to match your surroundings (Stealth+).
Your rubbery body absorbs attacks. (AC +1, EV +1)
((You are camouflaged when in or above water. (Stealth+)))
You have tentacles for arms and can constrict up to eight enemies at once.


Message History

No target in view!
c - 5 potions of curing (gained 1) As you open the door, it creaks loudly!
You hear a bellow!
Found a scroll labelled NURYAG IFEP.
There is an open door here.
Found a shadowy altar of Dithmenos.
Found 18 gold pieces.
E - a scroll labelled NURYAG IFEP
As you read the scroll of identify, it crumbles to dust.
E - a scroll of amnesia
Found a blossoming altar of Fedhas.
A wyvern comes into view.
You see here 18 gold pieces.
The wyvern hisses angrily.
You closely miss the wyvern. The wyvern closely misses you.
You closely miss the wyvern. The wyvern bites you!
You barely miss the wyvern. You squeeze the wyvern!
The wyvern is moderately wounded.
The wyvern bites you!! The wyvern misses you.
You tentacle-slap the wyvern but do no damage.
The wyvern is moderately wounded.
The wyvern barely misses you.
You tentacle-slap the wyvern but do no damage.
The wyvern is moderately wounded.
The wyvern bites you.
You closely miss the wyvern.
The wyvern is moderately wounded.
The wyvern bites you!
* * * LOW HITPOINT WARNING * * *
You closely miss the wyvern. Your squeeze misses the wyvern.
The wyvern is moderately wounded.
The wyvern closely misses you.
You bludgeon the wyvern! Your squeeze misses the wyvern.
The wyvern is almost dead.
The wyvern bites you. The wyvern bites you!!
* * * LOW HITPOINT WARNING * * *
You tentacle-slap the wyvern but do no damage.
The wyvern is almost dead.
The wyvern bites you!
You die...

....P.P.. ....._...
##..P.P.##############+#
........................
........................
........................
........................
......l@..$.............
........................
##.....##.##..####+###'#
###### #.##..#.........
......#.........
+......#.........
#......#.####...#
#......#........#
........#


You could see a wyvern.

Vanquished Creatures
  2 two-headed ogres (D:8)
  Grinder (D:6)
  Prince Ribbit (D:8)
  A shadow (D:9)
  Sigmund (D:2)
  A wyvern (D:8)
  Eustachio (D:5)
  A steam dragon (D:8)
  Grum (D:8)
  A water moccasin (D:8)
  A sky beast (D:7)
  5 orc warriors (D:9)
  3 ice beasts
  An ogre (D:6)
  3 wolves (D:8)
  3 centaurs
  2 phantoms (D:6)
  3 bullfrogs
  A gnoll sergeant (D:6)
  4 scorpions
  A necrophage (D:6)
  7 wights (D:8)
  6 killer bees (D:7)
  4 howler monkeys
  2 jellies (D:6)
  8 orc priests
  2 gnoll boudas
  5 hounds
  Crazy Yiuf (D:5)
  6 iguanas
  6 orc wizards
  7 gnolls
  10 adders
  4 white imps
  An ufetubus (D:6)
  2 worms
  A dart slug (D:4)
  20 orcs
  7 bats
  7 endoplasms
  5 giant cockroaches
  7 goblins
  8 hobgoblins
  7 jackals
  8 kobolds
  7 quokkas
  4 ball pythons
  3 frilled lizards (D:1)
  5 rats
198 creatures vanquished.

Vanquished Creatures (others)
  A human (D:7)
1 creature vanquished.

Grand Total: 199 creatures vanquished

Notes
Turn   | Place    | Note
-------+----------+-------------------------------------------
     0 | D:1      | larrydude the Octopode Monk began the quest for the Orb.
     0 | D:1      | Reached XP level 1. HP: 16/16 MP: 1/1
   118 | D:1      | Reached XP level 2. HP: 18/21 MP: 2/2
   521 | D:1      | Reached XP level 3. HP: 26/26 MP: 3/3
   594 | D:1      | Found a faded altar of an unknown god.
   879 | D:2      | Noticed Sigmund
  1612 | D:2      | Killed Sigmund
  1613 | D:2      | Reached skill level 5 in Stealth
  1613 | D:2      | Reached skill level 4 in Unarmed Combat
  1613 | D:2      | Reached XP level 4. HP: 17/33 MP: 4/4
  1613 | D:2      | Reached XP level 5. HP: 20/37 MP: 5/5
  1764 | D:3      | Reached XP level 6. HP: 38/43 MP: 6/6
  1955 | D:3      | Reached skill level 5 in Unarmed Combat
  2125 | D:3      | Identified the +5 leather armour of Reason {Harm Will+
                  | Stlth-}
  2421 | D:4      | Reached XP level 7. HP: 46/48 MP: 7/7
  2561 | D:4      | Reached skill level 6 in Unarmed Combat
  2663 | D:4      | Found a staircase to the Ecumenical Temple.
  2675 | Temple   | Entered the Ecumenical Temple
  2868 | Temple   | Became a worshipper of Warmaster Okawaru
  2868 | Temple   | Reached * piety under Okawaru
  2868 | Temple   | Reached ** piety under Okawaru
  3080 | D:5      | Entered Level 5 of the Dungeon
  3326 | D:5      | Found a runed translucent door.
  3327 | D:5      | Noticed Crazy Yiuf
  3363 | D:5      | Noticed Eustachio
  3375 | D:5      | Killed Eustachio
  3376 | D:5      | Reached skill level 7 in Unarmed Combat
  3380 | D:5      | Reached XP level 8. HP: 40/54 MP: 6/8
  3496 | D:5      | Identified the +3 ring mail "Guuph" {-Tele Fly Str+4}
  3609 | D:5      | Reached skill level 8 in Unarmed Combat
  3766 | D:5      | Killed Crazy Yiuf
  3853 | D:6      | Noticed Grinder
  3955 | D:6      | Killed Grinder
  3956 | D:6      | Reached skill level 9 in Unarmed Combat
  4091 | D:6      | Reached skill level 5 in Dodging
  4142 | D:6      | Reached *** piety under Okawaru
  4156 | D:6      | Reached XP level 9. HP: 38/59 MP: 9/9
  4252 | D:5      | Reached skill level 5 in Fighting
  4456 | D:6      | Reached skill level 10 in Unarmed Combat
  4806 | D:7      | Found an ornate altar of the Wu Jian Council.
  4878 | D:7      | Reached **** piety under Okawaru
  5446 | D:7      | Found an ancient bone altar of Kikubaaqudgha.
  5599 | D:7      | Learned a level 5 spell: Blade Hands
  5683 | D:8      | Reached skill level 1 in Invocations
  5724 | D:8      | Noticed Grum
  5740 | D:8      | Killed Grum
  5741 | D:8      | Reached XP level 10. HP: 55/72 MP: 9/12
  5871 | D:8      | Reached skill level 5 in Invocations
  6018 | D:8      | Noticed a two-headed ogre
  6038 | D:8      | Killed a two-headed ogre
  6039 | D:8      | Reached skill level 1 in Spellcasting
  6039 | D:8      | Reached skill level 1 in Transmutations
  6239 | D:8      | Identified the +0 war axe "Lorem Ipsum" {heavy, rC+ rN+}
  6376 | D:8      | Noticed Prince Ribbit
  6505 | D:8      | Killed Prince Ribbit
  6505 | D:8      | Reached ***** piety under Okawaru
  6555 | D:8      | Noticed a two-headed ogre
  6586 | D:8      | Killed a two-headed ogre
  7128 | D:9      | Reached skill level 5 in Transmutations
  7150 | D:9      | Found a staircase to the Orcish Mines.
  7290 | D:9      | Found a shadowy altar of Dithmenos.
  7300 | D:9      | Found a blossoming altar of Fedhas.
  7314 | D:9      | Mangled by a wyvern

Illustrated notes

Levels and vault maps discovered:
D:1:      tarquinn_simple_flora_water_a, layout_rooms,
          dreamdust_ecumenical_altar_angels_and_demons
D:2:      layout_basic, uniq_sigmund
D:3:      layout_rooms, serial_curves, eino_curves_02, eino_curves_01,
          eino_curves_03
D:4:      kennysheep_big_flooded_room, layout_rooms, temple_hall
D:5:      layout_cave_pools, uniq_crazy_yiuf_cottage, uniq_eustachio
D:6:      minmay_polygon_palace, layout_loops_ring, uniq_grinder
D:7:      layout_basic, tgw_kikubaaqudgha, nicolae_wu_jian_wuxing_cycle
D:8:      layout_basic, uniq_prince_ribbit1, uniq_grum
D:9:      layout_stronghold, fedhas_altar_1,
          chequers_temple_overflow_statue_of_worship, erik_orc_2, uniq_erolcha
Temple:   bh_familiar_temple

Skill      XL: |  1  2  3  4  5  6  7  8  9 10 |
---------------+-------------------------------+-----
Stealth        | 3 5 |  5.0
Unarmed Combat | 4 5 7 9 10 | 10.0
Dodging        | 4 5 6 |  6.0
Fighting       | 4 8 |  8.0
Invocations    | 3 6 |  6.0
Spellcasting   | 4 |  4.6
Transmutations | 5 |  5.1

Action                   |  1- 3 |  4- 6 |  7- 9 | 10-12 || total
-------------------------+-------+-------+-------+-------++-------
Melee: Unarmed           |    76 |    70 |   250 |   151 ||   547
       Tentacles         |    17 |    16 |    74 |    41 ||   148
       Constrict         |    21 |    17 |    57 |    29 ||   124
       Punch             |     3 |     4 |    22 |    13 ||    42
Throw: Dart              |     5 |       |     6 |     9 ||    20
Invok: Heroism           |       |       |     7 |     6 ||    13
  Use: Scroll            |     7 |     6 |     9 |     3 ||    25
       Potion            |     1 |       |     1 |       ||     2
 Stab: Sleeping          |    13 |    12 |    18 |     5 ||    48
       Distracted        |       |       |     1 |     1 ||     2
Armor: Skin              |     3 |     5 |    11 |     4 ||    23
Dodge: Dodged            |    34 |    37 |   131 |    78 ||   280

Table legend: (Time is in decaauts)
 A = Elapsed time spent in this place.
 B = Non-inter-level travel time spent in this place.
 C = Inter-level travel time spent in this place.
 D = Time resting spent in this place.
 E = Time spent auto-exploring this place.
 F = Levels seen in this place.
 G = Mean time per level.
                   A        B        C        D        E       F      G
               +--------+--------+--------+--------+--------+-----+--------+
         Total |   7228 |   6650 |    578 |    746 |   3809 |  10 |  722.8 |
       Dungeon |   7023 |   6488 |    535 |    746 |   3651 |   9 |  780.3 |
        Temple |    204 |    161 |     43 |      0 |    158 |   1 |  204.0 |
               +--------+--------+--------+--------+--------+-----+--------+

Top non-repeatable levels by time:
     D:8: 1086 daAuts
     D:6: 939 daAuts
     D:2: 919 daAuts
     D:7: 833 daAuts
     D:4: 770 daAuts
     D:1: 748 daAuts
     D:5: 625 daAuts
     D:9: 555 daAuts
     D:3: 546 daAuts
  Temple: 204 daAuts
